 Dungeon Crawl Stone Soup version 0.31-a0-1074-g0b22e4e0f1 (webtiles) character file.

Game seed: 4459647829919006945

47 drugrobin the Sneak (level 3, 0/30 HPs)
             Began as a Demigod Delver on Dec 7, 2023.
             Slain by a bullfrog (5 damage)
             ... in a sewer.
             The game lasted 00:03:49 (740 turns).

drugrobin the Sneak (Demigod Delver)                 Turns: 740, Time: 00:03:49

Health: 0/30       AC:  6    Str: 13    XL:     3   Next: 29%
Magic:  5/5        EV:  9    Int: 12    God:
Gold:   7          SH:  0    Dex: 19    Spells: 2/2 levels left

rFire   . .          .
                       - Unarmed
rCold   + . .        (no shield)
rNeg    . . .        c - +0 scale mail
rPois   .            (no helmet)
rElec   .            (no cloak)
rCorr   .            (no gloves)
SInv    .            (no boots)
Will    .....        (no amulet)
Stlth   ++           g - ring of protection from cold
HPRegen 0.25/turn    (no ring)
MPRegen 0.09/turn

%: no passive effects
@: no status effects
A: high MP 1, forlorn, divine attributes
a: no special abilities


You were in a sewer.
You visited 1 branch of the dungeon, and saw 2 of its levels.
You also visited: Sewer.

You collected 7 gold pieces.

Inventory:

Armour
 a - a +0 leather armour
 c - a +0 scale mail (worn)
Jewellery
 g - a ring of protection from cold (left hand)
Wands
 f - a wand of digging (3)
Scrolls
 b - a scroll of fog
 d - a scroll of enchant armour
 h - a scroll of identify


   Skills:
 - Level 2.6 Fighting
 - Level 1.7 Dodging
 - Level 4.5 Stealth
 + Level 3.6 Unarmed Combat


You had 2 spell levels left.
You didn't know any spells.
Your spell library was empty.

Dungeon Overview and Level Annotations

Branches:
Dungeon (5/15)              Sewer (1/1)
 Temple: D:4-7


Innate Abilities, Weirdness & Mutations

You have an increased reservoir of magic. (+10% MP)
You shall have no god before yourself.
Your divine heritage dramatically boosts your attributes as you level up.


Message History

Okay, then.
Okay, then.
You aren't carrying any potions.
You closely miss the bullfrog.
The bullfrog is lightly wounded.
The bullfrog hits you!
* * * LOW HITPOINT WARNING * * *
Unknown command.
Unknown command.
You hit the bullfrog.
The bullfrog is moderately wounded.
The bullfrog barely misses you. x2
Unknown command.
As you read the scroll labelled DECIAH HAECOE, it crumbles to dust.
It is a scroll of identify.
d - a scroll of enchant armour The bullfrog barely misses you.
Unknown command.
Unknown command.
The bullfrog hits you.
* * * LOW HITPOINT WARNING * * *
Unknown command.
Unknown command.
You hit the bullfrog.
The bullfrog is moderately wounded.
The bullfrog hits you.
* * * LOW HITPOINT WARNING * * *
Unknown command.
Unknown command.
You hit the bullfrog but do no damage.
The bullfrog is moderately wounded.
The bullfrog hits you.
* * * LOW HITPOINT WARNING * * *
Unknown command.
Unknown command.
You hit the bullfrog but do no damage.
The bullfrog is moderately wounded.
The bullfrog hits you but does no damage.
The bullfrog hits you.
You die...

~≈≈.~.≈≈≈≈≈≈# #~~≈~~#
.~?!.~~≈≈≈≈≈# #~~≈~†#
~.$!).≈≈≈≈≈≈# #~~≈~.#
~~~?.≈≈≈≈≈≈≈# #~~≈~.# ≈
~..~≈≈≈≈≈≈≈≈# #.~≈~.#
≈≈r.~B≈≈≈≈≈≈~≈≈# #.~≈~.#
≈≈≈≈≈≈≈≈≈≈≈~≈≈≈# #~~≈~.#
≈≈≈~~≈≈≈≈≈≈≈~#######~~≈~~#
~B~≈≈~≈~~......F@.~~.~≈≈~#
≈≈≈~~≈~~~~~~~~~~~~~~~~≈~~#
≈≈≈≈≈≈≈≈≈≈≈≈≈≈≈≈≈≈≈≈≈≈≈~.#
~~~~~~÷~~~~~~~~~~~~~~~≈~~#
......÷.............~~≈~~#
####################~~≈~~#
########~~≈~~#
########..~~~~~~~≈~.###
#.∩.†..~~~~~~~~~~≈≈≈≈≈≈


You could see a bullfrog.

Vanquished Creatures
  3 adders
  An endoplasm (D:4)
  6 giant cockroaches
  3 quokkas (Sewer)
  2 ball pythons (Sewer)
  5 frilled lizards (Sewer)
20 creatures vanquished.

Notes
Turn   | Place    | Note
-------+----------+-------------------------------------------
     0 | D:5      | drugrobin the Demigod Delver began the quest for the Orb.
     0 | D:5      | Reached XP level 1. HP: 18/18 MP: 3/3
    24 | D:5      | Noticed an ice beast
    32 | D:5      | Noticed an ogre
    34 | D:5      | Noticed an orc priest
    38 | D:5      | Noticed a hound
    41 | D:5      | Noticed an orc wizard
    50 | D:4      | Noticed an orc wizard
   137 | D:4      | Reached XP level 2. HP: 14/25 MP: 4/4
   142 | D:4      | Found a glowing drain.
   314 | Sewer    | Entered a sewer
   500 | Sewer    | Reached XP level 3. HP: 23/30 MP: 5/5
   683 | Sewer    | Noticed a bullfrog
   725 | Sewer    | Noticed a bullfrog
   740 | Sewer    | Slain by a bullfrog

Illustrated notes

Levels and vault maps discovered:
D:4:      layout_cave_pools, gammafunk_temple_overflow_elements,
          gup_sewer_entry_glass, uniq_crazy_yiuf_cottage
D:5:      layout_loops_ring, minmay_temple_entry_overgrown
Sewer:    sewer_frog_island_01

Skill      XL: |  1  2 |
---------------+-------+-----
Unarmed Combat | 2 3 |  3.6
Fighting       | |  2.6
Dodging        | |  1.7
Stealth        | |  4.5

Action                     || total
---------------------------++-------
  Melee: Unarmed           ||   108
         Punch             ||     2
    Use: Scroll            ||     3
         Potion            ||     1
   Stab: Sleeping          ||     5
 Armour: Leather armour    ||    58
         Scale mail        ||    13
  Dodge: Dodged            ||    56

Table legend: (Time is in decaauts)
 A = Elapsed time spent in this place.
 B = Non-inter-level travel time spent in this place.
 C = Inter-level travel time spent in this place.
 D = Time resting spent in this place.
 E = Time spent auto-exploring this place.
 F = Levels seen in this place.
 G = Mean time per level.
                   A        B        C        D        E       F      G
               +--------+--------+--------+--------+--------+-----+--------+
         Total |    763 |    751 |     12 |    202 |    135 |   3 |  254.3 |
       Dungeon |    299 |    287 |     12 |    102 |      0 |   2 |  149.5 |
         Sewer |    464 |    464 |      0 |    100 |    135 |   1 |  464.0 |
               +--------+--------+--------+--------+--------+-----+--------+

Top non-repeatable levels by time:
   Sewer: 464 daAuts
     D:4: 254 daAuts
     D:5: 44 daAuts
